 Dungeon Crawl Stone Soup version 0.31-a0-631-g285b096dc4 (webtiles) character file.

Game seed: 5879989469647193596

270 Dirtsage the Changeling (level 6, -5/38 HPs)
             Began as an Octopode Shapeshifter on Aug 25, 2023.
             Was an Initiate of Ru.
             Slain by Grinder (9 damage)
             ... while paralysed by Grinder
             ... on level 4 of the Dungeon.
             The game lasted 00:05:30 (2295 turns).

Dirtsage the Changeling (Octopode Shapeshifter)     Turns: 2295, Time: 00:05:30

Health: -5/38      AC:  1    Str: 17    XL:     6   Next: 22%
Magic:  6/6        EV:  2    Int: 10    God:    Ru [......]
Gold:   142        SH:  0    Dex: 12    Spells: 5/5 levels left

rFire   . .          .
                       - Unarmed
rCold   . . .        (no shield)
rNeg    . . .        (helmet currently unavailable)
rPois   .            (no amulet)
rElec   .            C - ring of resist corrosion
rCorr   +            g - +4 ring of slaying
SInv    .            (no ring)
Will    .....        (no ring)
Stlth   ++           (no ring)
HPRegen 0.26/turn    (no ring)
MPRegen 0.10/turn    (no ring)
                     (no ring)

%: no passive effects
@: paralysed, beast-form
A: beast (slay +3), almost no armour, amphibious, 8 rings, camouflage 1,
gelatinous body 1, (nimble swimmer 1), tentacles
a: Begin Untransformation, Renounce Religion


You were on level 4 of the Dungeon.
You worshipped Ru.
Ru was noncommittal.
You were a hulking beast.
You visited 2 branches of the dungeon, and saw 5 of its levels.

You collected 142 gold pieces.

Inventory:

Jewellery
 g - a +4 ring of slaying (right tentacle)
 C - a ring of resist corrosion (left tentacle)
Talismans
 b - a beast talisman (active)
 c - a flux talisman
Scrolls
 d - a scroll of immolation {unknown}
 e - 6 scrolls of identify {unknown}
 f - a scroll of blinking {unknown}
 j - 2 scrolls of fear {unknown}
 l - a scroll of enchant weapon {unknown}
 m - a scroll of teleportation {unknown}
Potions
 a - a potion of lignification
 h - a potion of berserk rage {unknown}
 i - 2 potions of enlightenment {unknown}
 k - a potion of resistance {unknown}


   Skills:
 - Level 1.0 Fighting
 - Level 2.0 Dodging
 + Level 4.6 Unarmed Combat
 * Level 5.4 Shapeshifting


You had 5 spell levels left.
You didn't know any spells.
Your spell library contained the following spells:

 Spells                   Type           Power      Damage    Failure   Level
 Apportation              Tloc           0%         N/A       36%         1
 Teleport Other           Tloc           0%         N/A       75%         3
 Volatile Blastmotes      Fire/Tloc      0%         2d10      75%         3
 Anguish                  Hex/Necr       0%         N/A       98%         4
 Fulminant Prism          Conj/Hex       0%         3d5       98%         4
 Iskenderun's Mystic Bla  Conj/Tloc      0%         2d3       98%         4
 Silence                  Hex/Air        0%         N/A       100%        5
 Summon Forest            Summ/Tloc      0%         N/A       100%        5
 Eringya's Noxious Bog    Tmut/Pois      0%         4d6       100%        6
 Summon Hydra             Summ           0%         N/A       100%        7


Dungeon Overview and Level Annotations

Branches:
Dungeon (4/15)             Temple (1/1) D:4

Altars:
Ashenzari
Cheibriados
Dithmenos
Fedhas
Hepliaklqana
Kikubaaqudgha
Makhleb
Nemelex Xobeh
Okawaru
Qazlal
Ru
Sif Muna
Vehumet
Xom
Zin

Shops:
D:1 ?   D:4 [

Annotations:
D:4 Grinder


Innate Abilities, Weirdness & Mutations

You are a hulking beast.
Your limbs bulge with bestial killing power. (Slay +3)
You cannot wear most types of armour.
You are amphibious.
You can wear up to eight rings at the same time.
Your skin changes colour to match your surroundings (Stealth+).
Your rubbery body absorbs attacks. (AC +1, EV +1)
((You are camouflaged when in or above water. (Stealth+)))
You have tentacles for arms and can constrict up to eight enemies at once.


Message History

The hound is lightly wounded.
You constrict the hound. The hound closely misses you.
The hound barely misses you.
You tentacle-slap the hound.
The hound is heavily wounded.
You constrict the hound. The hound bites you but does no damage.
You bludgeon the hound!
You kill the hound!
You have reached level 6!
Health restored: 38; MP restored: 6 A jelly comes into view.
You bludgeon the jelly!
Your tentacles burn!
You squeeze the jelly.
The jelly is severely wounded.
The jelly barely misses you.
You bludgeon the jelly!
You kill the jelly!
You now have 142 gold pieces (gained 11).
j - 2 scrolls labelled KUTUAV VEEG (gained 1)
Found an escape hatch in the floor.
A kobold comes into view. It is wielding a +0 short sword.
The helpless kobold fails to defend itself.
You bludgeon the kobold!
You kill the kobold!
No target in view!
Grinder comes into view.
Grinder shouts!
You barely miss Grinder. You grab Grinder. You constrict Grinder.
Grinder gestures at you.
You suddenly lose the ability to move!
You lose your grip on Grinder.
Grinder barely misses you. Grinder gestures at you.
Pain shoots through your body! Grinder hits you!
You writhe in agony.
Grinder hits you!
* * * LOW HITPOINT WARNING * * *
You writhe in agony.
* * * LOW HITPOINT WARNING * * *
Grinder hits you!
You die...
Grinder says, "Now the real fun starts!"

#...#####...#...#####...#...# #.
#...#...#...#...#...#...#...# #.
##.#.....#.###.#.....#.###.#####.
..###...###...###...###...##>..'.
...#.###.#.....#.### #.....#####.
..#...#...#..(#...#...#...#.####.
###...#...#####...#.. #####.#....
..#...#...#.. #...#...#...#.#....
...#.###.#.....#h### #.....##....
..###...###...###5..###...###...#
##.#.....#.###.#.....#.###.##...#
#...#...#..)# ..#...#...#...#...#
#...#####...#...#####...#...#...#
#...#...#...#...#...#...#...#...#
##.#.....#.###.#.....#.###.##...#
..###...###...###...###...###...<
.## ##### ##.## ####.......####.#


You could see Grinder.

Vanquished Creatures
  A black bear (D:4)
  A hound (D:4)
  A jelly (D:4)
  Jessica (D:3)
  3 adders
  3 dart slugs
  5 orcs (D:3)
  2 bats (D:1)
  6 endoplasms (D:1)
  5 goblins
  5 hobgoblins
  7 kobolds
  2 quokkas
  6 ball pythons
  2 frilled lizards (D:2)
  5 rats
55 creatures vanquished.

Notes
Turn   | Place    | Note
-------+----------+-------------------------------------------
     0 | D:1      | Dirtsage the Octopode Shapeshifter began the quest for the
                  | Orb.
     0 | D:1      | Reached XP level 1. HP: 13/13 MP: 1/1
    61 | D:1      | Reached XP level 2. HP: 15/18 MP: 2/2
   291 | D:1      | Reached XP level 3. HP: 23/23 MP: 3/3
   305 | D:1      | Found Baeqen's Magic Scroll Emporium.
   579 | D:2      | Got the Precepts of Non-Euclidean Curses
   583 | D:2      | Found a faded altar of an unknown god.
  1059 | D:3      | Noticed Jessica
  1060 | D:3      | Killed Jessica
  1061 | D:3      | Reached skill level 4 in Shapeshifting
  1061 | D:3      | Reached XP level 4. HP: 28/28 MP: 4/4
  1760 | D:4      | Found Kitrague's Armour Shoppe.
  1825 | D:4      | Found a staircase to the Ecumenical Temple.
  1864 | Temple   | Entered the Ecumenical Temple
  1889 | Temple   | Became a worshipper of Ru the Awakened
  1955 | D:4      | Noticed a black bear
  1963 | D:4      | Killed a black bear
  1964 | D:4      | Reached skill level 5 in Shapeshifting
  1964 | D:4      | Reached XP level 5. HP: 33/33 MP: 5/5
  2123 | D:4      | Upgraded the game from 0.31-a0-626-g8143ab4f1d to
                  | 0.31-a0-631-g285b096dc4
  2164 | D:4      | Reached XP level 6. HP: 38/38 MP: 6/6
  2288 | D:4      | Noticed Grinder
  2290 | D:4      | Paralysed by Grinder for 5 turns
  2295 | D:4      | Slain by Grinder

Illustrated notes

Levels and vault maps discovered:
D:1:      grunt_arrival_lava_bath, layout_basic, serial_shops, shop,
          hangedman_decor_diamond_cutter
D:2:      layout_rooms, ebering_ecumenical_altar_webs,
          nicolae_twisty_statue_hallways
D:3:      layout_loops_ring, uniq_jessica
D:4:      nicolae_cairo_tiling, layout_basic, mainiacjoe_overflow_alcove_1,
          minmay_temple_entry_junction, serial_shops,
          nicolae_shop_rolling_square, uniq_grinder
Temple:   nicolae_temple_superstar

Skill      XL: |  1  2  3  4 |
---------------+-------------+-----
Shapeshifting  | 4 5 |  5.4
Unarmed Combat | 4 |  4.6
Fighting       | |  1.0
Dodging        | |  2.0

Action                     |  1- 3 |  4- 6 || total
---------------------------+-------+-------++-------
  Melee: Unarmed           |    55 |    35 ||    90
         Constrict         |    10 |     8 ||    18
         Tentacles         |     8 |     4 ||    12
         Punch             |     1 |     1 ||     2
    Use: Potion            |       |     1 ||     1
   Stab: Sleeping          |    13 |     7 ||    20
         Distracted        |     1 |       ||     1
 Armour: Skin              |     4 |     8 ||    12
  Dodge: Dodged            |    21 |    16 ||    37

Table legend: (Time is in decaauts)
 A = Elapsed time spent in this place.
 B = Non-inter-level travel time spent in this place.
 C = Inter-level travel time spent in this place.
 D = Time resting spent in this place.
 E = Time spent auto-exploring this place.
 F = Levels seen in this place.
 G = Mean time per level.
                   A        B        C        D        E       F      G
               +--------+--------+--------+--------+--------+-----+--------+
         Total |   2287 |   2135 |    152 |    175 |   1614 |   5 |  457.4 |
       Dungeon |   2236 |   2132 |    104 |    175 |   1614 |   4 |  559.0 |
        Temple |     50 |      2 |     48 |      0 |      0 |   1 |   50.0 |
               +--------+--------+--------+--------+--------+-----+--------+

Top non-repeatable levels by time:
     D:3: 680 daAuts
     D:1: 565 daAuts
     D:4: 502 daAuts
     D:2: 488 daAuts
  Temple: 50 daAuts
